PAA
YAKIMA HOPS @ SUN PRAIRIE SWALLOWS
09/14/2025
 
TOP OF THE 1ST
Yakima Hops batting - Pitching for Sun Prairie Swallows : LHP Ramiro García
Pitching: LHP Ramiro García
Batting: SHB Domingo Luna 0-0: Called Strike
0-1: Fly out, F8 (Line Drive, 8LM)
Batting: RHB Timothy Jones 0-0: Foul Ball, location: 2F
0-1: Ball
1-1: Swinging Strike
1-2: Ball
2-2: Ball
3-2: Ground out 5-3 (Groundball, 5S)
Batting: RHB Lenny Roper 0-0: Called Strike
0-1: Called Strike
0-2: Ball
1-2: Fly out, F5 (Line Drive, 6S)
Top of the 1st over - 0 run(s), 0 hit(s), 0 error(s), 0 left on base; Yakima 0 - Sun Prairie 0
BOTTOM OF THE 1ST
Sun Prairie Swallows batting - Pitching for Yakima Hops : LHP Mathieu Neri
Pitching: LHP Mathieu Neri
Batting: RHB José Silva 0-0: Reached on error, E3 (Groundball, 34)
Batting: RHB Ghislain Vespucci 0-0: Foul Ball, location: 2F
0-1: Ball
José Silva is caught stealing 2nd base
1-1: Foul Ball, location: 2F
1-2: Strikes out swinging
Batting: RHB Bobby Butterfield 0-0: Called Strike
0-1: Ground out 5-3 (Groundball, 56S)
Bottom of the 1st over - 0 run(s), 0 hit(s), 1 error(s), 0 left on base; Yakima 0 - Sun Prairie 0
TOP OF THE 2ND
Yakima Hops batting - Pitching for Sun Prairie Swallows : LHP Ramiro García
Batting: SHB Orlando Villa 0-0: Ball
1-0: Foul Ball, location: 2F
1-1: Fly out, F9 (Flyball, 9S)
Batting: SHB Luis Luquín 0-0: Ball
1-0: Ball
2-0: Called Strike
2-1: Foul Ball, location: 2F
2-2: Ball
3-2: Ground out 1-3 (Groundball, P)
Batting: SHB Joaquín Reyes 0-0: Swinging Strike
0-1: Foul Ball, location: 2F
0-2: Ball
1-2: Strikes out swinging
Top of the 2nd over - 0 run(s), 0 hit(s), 0 error(s), 0 left on base; Yakima 0 - Sun Prairie 0
BOTTOM OF THE 2ND
Sun Prairie Swallows batting - Pitching for Yakima Hops : LHP Mathieu Neri
Batting: RHB Luis Hernández 0-0: Ball
1-0: Foul Ball, location: 2F
1-1: Swinging Strike
1-2: Fly out, F8 (Flyball, 8RD)
Batting: RHB José Sánchez 0-0: Ball
1-0: Called Strike
1-1: Called Strike
1-2: Ball
2-2: Strikes out swinging
Batting: RHB Cosmo Bjorkenheim 0-0: Ball
1-0: Called Strike
1-1: Called Strike
1-2: Ball
2-2: Foul Ball, location: 2F
2-2: Ground out 5-3 (Groundball, 56S)
Bottom of the 2nd over - 0 run(s), 0 hit(s), 0 error(s), 0 left on base; Yakima 0 - Sun Prairie 0
TOP OF THE 3RD
Yakima Hops batting - Pitching for Sun Prairie Swallows : LHP Ramiro García
Batting: SHB Esteban Lugo 0-0: Ball
1-0: Fly out, F6 (Flyball, 6MD)
Batting: RHB Chad Shafer 0-0: Ball
1-0: Called Strike
1-1: Fly out, F9 (Flyball, 9)
Batting: RHB Bryant Skelly 0-0: Called Strike
0-1: Foul Ball, location: 2F
0-2: Ball
1-2: Ball
2-2: Strikes out swinging
Top of the 3rd over - 0 run(s), 0 hit(s), 0 error(s), 0 left on base; Yakima 0 - Sun Prairie 0
BOTTOM OF THE 3RD
Sun Prairie Swallows batting - Pitching for Yakima Hops : LHP Mathieu Neri
Batting: RHB Alfonso López 0-0: Called Strike
0-1: Ball
1-1: Ground out 6-3 (Groundball, 6)
Batting: RHB Dan Hart 0-0: Called Strike
0-1: Foul Ball, location: 2F
0-2: Ball
1-2: Ground out U3 (Groundball, 34S)
Batting: RHB Darby Carveth 0-0: Called Strike
0-1: Foul Ball, location: 2F
0-2: Foul Ball, location: 2F
0-2: SINGLE (Groundball, 6D)
Batting: RHB José Silva 0-0: Ball
1-0: Foul Ball, location: 2F
1-1: Ball
2-1: Foul Ball, location: 2F
2-2: Ball
3-2: Fly out, F9 (Flyball, 9LSF)
Bottom of the 3rd over - 0 run(s), 1 hit(s), 0 error(s), 1 left on base; Yakima 0 - Sun Prairie 0
TOP OF THE 4TH
Yakima Hops batting - Pitching for Sun Prairie Swallows : LHP Ramiro García
Batting: SHB Domingo Luna 0-0: Foul Ball, location: 2F
0-1: Ball
1-1: Ball
2-1: Ball
3-1: Foul Ball, location: 2F
3-2: Ground out U3 (Groundball, 34)
Batting: RHB Timothy Jones 0-0: Ball
1-0: Foul Ball, location: 2F
1-1: Called Strike
1-2: Ball
2-2: SINGLE (Groundball, 6D)
Batting: RHB Lenny Roper 0-0: Ball
1-0: Foul Ball, location: 2F
1-1: Ball
2-1: Swinging Strike
2-2: Ball
3-2: Foul Ball, location: 2F
3-2: Foul Ball, location: 2F
3-2: Base on Balls
Timothy Jones to second
Batting: SHB Orlando Villa 0-0: Called Strike
0-1: Ball
1-1: Ball
2-1: Fly out, F8 (Flyball, 8LM)
Batting: SHB Luis Luquín 0-0: Swinging Strike
0-1: Ball
1-1: SINGLE (Groundball, 34D)
Timothy Jones to third
Lenny Roper to second
Runner from 3rd tries for Home, throw and OUT!
Top of the 4th over - 0 run(s), 2 hit(s), 0 error(s), 2 left on base; Yakima 0 - Sun Prairie 0
BOTTOM OF THE 4TH
Sun Prairie Swallows batting - Pitching for Yakima Hops : LHP Mathieu Neri
Batting: RHB Ghislain Vespucci 0-0: Ball
1-0: Foul Ball, location: 2F
1-1: Ground out 6-3 (Groundball, 6)
Batting: RHB Bobby Butterfield 0-0: Ball
1-0: Ground out 6-3 (Groundball, 6)
Batting: RHB Luis Hernández 0-0: Called Strike
0-1: Ball
1-1: Foul Ball, location: 2F
1-2: Ground out U3 (Groundball, 3)
Bottom of the 4th over - 0 run(s), 0 hit(s), 0 error(s), 0 left on base; Yakima 0 - Sun Prairie 0
TOP OF THE 5TH
Yakima Hops batting - Pitching for Sun Prairie Swallows : LHP Ramiro García
Batting: SHB Joaquín Reyes 0-0: Ball
1-0: Fly out, F9 (Flyball, 9)
Batting: SHB Esteban Lugo 0-0: Called Strike
0-1: Swinging Strike
0-2: Ball
1-2: Fly out, F9 (Flyball, 89S)
Now in RF: Marcos Rivera
Batting: RHB Chad Shafer 0-0: Ball
1-0: SINGLE (Flyball, 8LS)
Batting: RHB Bryant Skelly 0-0: Called Strike
0-1: Ball
1-1: Ball
2-1: Fly out, F5 (Line Drive, 5)
Top of the 5th over - 0 run(s), 1 hit(s), 0 error(s), 1 left on base; Yakima 0 - Sun Prairie 0
BOTTOM OF THE 5TH
Sun Prairie Swallows batting - Pitching for Yakima Hops : LHP Mathieu Neri
Batting: RHB José Sánchez 0-0: Fly out, F3 (Popup, 34)
Batting: RHB Cosmo Bjorkenheim 0-0: Ball
1-0: Ball
2-0: Ball
3-0: Base on Balls
Batting: RHB Marcos Rivera 0-0: Ball
1-0: Foul Ball, location: 2F
1-1: Swinging Strike
1-2: Strikes out swinging
Batting: RHB Dan Hart 0-0: Called Strike
0-1: Ball
1-1: Foul Ball, location: 2F
1-2: Fielders Choice at 2nd, 5-4 (Groundball, 5)
Bottom of the 5th over - 0 run(s), 0 hit(s), 0 error(s), 0 left on base; Yakima 0 - Sun Prairie 0
TOP OF THE 6TH
Yakima Hops batting - Pitching for Sun Prairie Swallows : LHP Ramiro García
Batting: SHB Domingo Luna 0-0: Ground out 3-1 (Groundball, 34)
Batting: RHB Timothy Jones 0-0: Called Strike
0-1: Foul Ball, location: 2F
0-2: Ball
1-2: Ball
2-2: Ball
3-2: Fly out, F3 (Popup, 3)
Batting: RHB Lenny Roper 0-0: Ball
1-0: SINGLE (Line Drive, 8RS)
Batting: SHB Orlando Villa 0-0: Ball
1-0: Called Strike
1-1: Ball
2-1: Ball
3-1: Fly out, F8 (Flyball, 8RD)
Top of the 6th over - 0 run(s), 1 hit(s), 0 error(s), 1 left on base; Yakima 0 - Sun Prairie 0
BOTTOM OF THE 6TH
Sun Prairie Swallows batting - Pitching for Yakima Hops : LHP Mathieu Neri
Batting: RHB Darby Carveth 0-0: Called Strike
0-1: Ball
1-1: DOUBLE (Groundball, 5L)
Batting: RHB José Silva 0-0: Ball
1-0: Fly out, F6 (Line Drive, 6)
Lined into DP, 6-4 (Line Drive, 6)
Batting: RHB Ghislain Vespucci 0-0: Ball
1-0: Fly out, F5 (Popup, 5L)
Bottom of the 6th over - 0 run(s), 1 hit(s), 0 error(s), 0 left on base; Yakima 0 - Sun Prairie 0
TOP OF THE 7TH
Yakima Hops batting - Pitching for Sun Prairie Swallows : LHP Ramiro García
Batting: SHB Luis Luquín 0-0: Ground out 6-3 (Groundball, 56)
Batting: SHB Joaquín Reyes 0-0: Ball
1-0: Called Strike
1-1: Ball
2-1: Foul Ball, location: 2F
2-2: Ground out 5-3 (Groundball, 56S)
Batting: SHB Esteban Lugo 0-0: Fly out, F8 (Flyball, 8RD)
Top of the 7th over - 0 run(s), 0 hit(s), 0 error(s), 0 left on base; Yakima 0 - Sun Prairie 0
BOTTOM OF THE 7TH
Sun Prairie Swallows batting - Pitching for Yakima Hops : LHP Mathieu Neri
Batting: RHB Bobby Butterfield 0-0: Fly out, F6 (Line Drive, 4M)
Batting: RHB Luis Hernández 0-0: Swinging Strike
0-1: Ball
1-1: Fly out, F6 (Popup, 4MD)
Batting: RHB José Sánchez 0-0: Fly out, F9 (Flyball, 9)
Bottom of the 7th over - 0 run(s), 0 hit(s), 0 error(s), 0 left on base; Yakima 0 - Sun Prairie 0
TOP OF THE 8TH
Yakima Hops batting - Pitching for Sun Prairie Swallows : LHP Ramiro García
Batting: RHB Chad Shafer 0-0: Called Strike
0-1: Ball
1-1: Ground out 6-3 (Groundball, 6S)
Batting: RHB Bryant Skelly 0-0: Called Strike
0-1: Foul Ball, location: 2F
0-2: Fly out, F7 (Flyball, 7)
Batting: SHB Domingo Luna 0-0: Ball
1-0: Foul Ball, location: 2F
1-1: Called Strike
1-2: Strikes out swinging
Top of the 8th over - 0 run(s), 0 hit(s), 0 error(s), 0 left on base; Yakima 0 - Sun Prairie 0
BOTTOM OF THE 8TH
Sun Prairie Swallows batting - Pitching for Yakima Hops : LHP Mathieu Neri
Batting: RHB Cosmo Bjorkenheim 0-0: Called Strike
0-1: Ball
1-1: Ball
2-1: Ground out 6-3 (Groundball, 6)
Pinch Hitting: RHB Scott Forrest 0-0: Ball
1-0: Foul Ball, location: 2F
1-1: Ball
2-1: Ball
3-1: Base on Balls
Batting: RHB Dan Hart 0-0: Ball
1-0: Foul Ball, location: 2F
1-1: Ball
2-1: Ball
3-1: Base on Balls
Scott Forrest to second
Batting: RHB Darby Carveth 0-0: Ball
1-0: Ball
2-0: Ball
3-0: Base on Balls
Scott Forrest to third
Dan Hart to second
Batting: RHB José Silva 0-0: Grounds into fielders choice 6-2 (Groundball, 6)
Dan Hart to third
Darby Carveth to second
Batting: RHB Ghislain Vespucci 0-0: Ball
1-0: Swinging Strike
1-1: Swinging Strike
1-2: Fly out, F9 (Flyball, 9LS)
Bottom of the 8th over - 0 run(s), 0 hit(s), 0 error(s), 3 left on base; Yakima 0 - Sun Prairie 0
TOP OF THE 9TH
Yakima Hops batting - Pitching for Sun Prairie Swallows : LHP Ramiro García
Pitching: LHP Corbin Jameson
Now in RF: Jim Unknown
Batting: RHB Timothy Jones 0-0: Ball
1-0: Foul Ball, location: 2F
1-1: Ball
2-1: Ball
3-1: Foul Ball, location: 2F
3-2: Ground out 6-3 (Groundball, 56)
Batting: RHB Lenny Roper 0-0: Ball
1-0: Ball
2-0: Foul Ball, location: 2F
2-1: Foul Ball, location: 2F
2-2: Ground out 1-3 (Groundball, 15S)
Batting: SHB Orlando Villa 0-0: Ball
1-0: Called Strike
1-1: Foul Ball, location: 2F
1-2: Ground out 3-1 (Groundball, 34)
Top of the 9th over - 0 run(s), 0 hit(s), 0 error(s), 0 left on base; Yakima 0 - Sun Prairie 0
BOTTOM OF THE 9TH
Sun Prairie Swallows batting - Pitching for Yakima Hops : LHP Mathieu Neri
Pitching: LHP Finn Wuilink
Batting: RHB Bobby Butterfield 0-0: Called Strike
0-1: Called Strike
0-2: Ball
1-2: Fly out, F8 (Line Drive, 8LD)
Batting: RHB Luis Hernández 0-0: Called Strike
0-1: Ball
1-1: Foul Ball, location: 2F
1-2: Foul Ball, location: 2F
1-2: Strikes out swinging
Batting: RHB José Sánchez 0-0: SINGLE (Groundball, 34D)
Batting: RHB Cosmo Bjorkenheim 0-0: Ball
1-0: Foul Ball, location: 2F
1-1: Swinging Strike
1-2: SINGLE (Line Drive, 56D)
José Sánchez to second
Batting: LHB Jim Unknown 0-0: Called Strike
0-1: Called Strike
0-2: Ball
1-2: Strikes out swinging
Bottom of the 9th over - 0 run(s), 2 hit(s), 0 error(s), 2 left on base; Yakima 0 - Sun Prairie 0
TOP OF THE 10TH
Yakima Hops batting - Pitching for Sun Prairie Swallows : LHP Corbin Jameson
Batting: SHB Luis Luquín 0-0: Fly out, F8 (Flyball, 8RM)
Batting: SHB Joaquín Reyes 0-0: Ball
1-0: Ball
2-0: Ball
3-0: Base on Balls
Pinch Runner at 1st Jim Unknown:
Batting: SHB Esteban Lugo 0-0: Ball
1-0: Ball
2-0: Foul Ball, location: 2F
2-1: Ball
3-1: Foul Ball, location: 2F
3-2: Base on Balls
Jim Unknown to second
Batting: RHB Chad Shafer 0-0: Ball
1-0: Ball
2-0: Foul Ball, location: 2F
2-1: Swinging Strike
2-2: Ball
3-2: Foul Ball, location: 2F
3-2: Foul Ball, location: 2F
3-2: Base on Balls
Jim Unknown to third
Esteban Lugo to second
Batting: RHB Bryant Skelly 0-0: Ball
1-0: Swinging Strike
1-1: Foul Ball, location: 2F
1-2: Strikes out swinging
Pitching: RHP Ricardo Ramírez
Batting: SHB Domingo Luna 0-0: GRAND SLAM HOME RUN (Flyball, 7D), Distance : 390 ft
Batting: RHB Timothy Jones 0-0: Ball
1-0: SINGLE (Groundball, 56D)
Batting: RHB Lenny Roper 0-0: Swinging Strike
0-1: Called Strike
0-2: Strikes out swinging
Top of the 10th over - 4 run(s), 2 hit(s), 0 error(s), 1 left on base; Yakima 4 - Sun Prairie 0
BOTTOM OF THE 10TH
Sun Prairie Swallows batting - Pitching for Yakima Hops : LHP Finn Wuilink
Now in LF: Jim Unknown
Batting: RHB Dan Hart 0-0: Ball
1-0: Ball
2-0: Ball
3-0: Called Strike
3-1: Foul Ball, location: 2F
3-2: Fly out, F9 (Line Drive, 89S)
Batting: RHB Darby Carveth 0-0: Ball
1-0: Ground out U3 (Groundball, 3)
Batting: RHB José Silva 0-0: Ball
1-0: Ball
2-0: Ball
3-0: Called Strike
3-1: Fly out, F9 (Flyball, 9S)
Bottom of the 10th over - 0 run(s), 0 hit(s), 0 error(s), 0 left on base; Yakima 4 - Sun Prairie 0
Friday, December 30th, 2016 - OOTP Baseball 17.12 Build 75